Map: King's Cove LE

Players

ITACHI - Winner!

  • Race: Terran Terran
  • League: Diamond
  • Spawn Location: 5:00

Smeeeger

  • Race: Zerg Zerg
  • League: Platinum
  • Spawn Location: 11:00

VOD

Have the link to the VOD?

Description

Time

  • Played on: July 21, 2019, 6:21 p.m.
  • Length: 7:08
Show
View Real Time Build Order
Export as new Build Order

ITACHI Terran - Winner!

Build Orders: Reaper Expand 

Get SALT Encoding   

  12  0:01  SCV  
  13  0:13  SCV  
  14  0:19  Supply Depot  
  14  0:25  SCV  
  15  0:41  SCV  
  15  0:42  Barracks  
  16  0:46  Refinery  
  16  0:53  SCV  
  17  1:05  SCV  
  18  1:17  SCV  
  19  1:30  Reaper, Orbital Command  
  20  1:50  Command Center  
  20  1:55  SCV  
  21  2:10  Barracks  
  21  2:11  Barracks Reactor  
  21  2:18  SCV  
  21  2:22  Supply Depot  
  22  2:30  SCV  
  22  2:31  Refinery  
  23  2:48  SCV  
  23  2:49  Factory  
  23  2:50  Marine x2  
  26  3:00  SCV  
  26  3:03  Orbital Command  
  26  3:05  Barracks Tech Lab  
  27  3:07  Marine  
  27  3:09  Marine  
  28  3:18  SCV  
  29  3:24  Marine  
  29  3:25  Marine  
  31  3:27  Marine  
  31  3:28  Stimpack  
  31  3:32  SCV  
  33  3:43  SCV  
  33  3:44  SCV  
  35  3:49  Marine x2  
  35  3:50  Marine  
  35  3:54  Starport  
  38  3:55  SCV  
  38  3:56  Factory Reactor  
  36  4:12  Marine x3  
  36  4:14  SCV  
  40  4:27  Supply Depot  
  40  4:29  Marine  
  40  4:30  Marine x2  
  43  4:34  Supply Depot  
  43  4:43  SCV x2  
  43  4:44  Factory Tech Lab  
  45  4:51  Engineering Bay  
  45  4:54  Engineering Bay  
  45  4:58  Supply Depot  
  45  4:59  SCV  
  45  5:03  Medivac x2  
  49  5:11  Marine  
  49  5:12  Marine  
  49  5:13  Marine  
  52  5:22  Supply Depot  
  52  5:28  Combat Shield  
  52  5:29  Marine x2  
  52  5:31  Marine  
  55  5:35  Supply Depot  
  55  5:38  Supply Depot  
  55  5:51  Marine x2  
  55  5:52  Marine  
  58  6:03  Siege Tank, Medivac  
  63  6:04  SCV  
  63  6:05  SCV  
  63  6:09  Marine x3, Refinery  
  68  6:17  SCV x2  
  70  6:29  Marine x3, SCV  
  71  6:47  Marine x3  
Show
View Real Time Build Order
Export as new Build Order

Smeeeger Zerg 

Build Orders: Hatch First 

Get SALT Encoding   

  12  0:01  Drone  
  13  0:17  Overlord  
  13  0:18  Drone  
  14  0:35  Drone  
  14  0:36  Drone  
  16  0:50  Drone x2  
  18  1:03  Hatchery  
  17  1:07  Drone  
  18  1:11  Extractor  
  18  1:15  Drone  
  18  1:26  Drone  
  18  1:32  Spawning Pool  
  18  1:34  Drone  
  19  1:46  Overlord  
  18  2:18  Queen x2  
  18  2:20  Zergling x6  
  18  2:21  Zergling x2  
  26  2:33  Metabolic Boost  
  26  2:51  Drone x2  
  26  2:52  Overlord  
  26  2:53  Drone x2  
  26  2:57  Queen  
  32  3:01  Drone  
  33  3:10  Drone x2  
  36  3:20  Drone x2  
  36  3:25  Overlord  
  36  3:26  Overlord  
  37  3:32  Drone x3, Overlord  
  40  3:34  Drone  
  37  4:16  Roach Warren  
  36  4:21  Drone x3  
  36  4:23  Evolution Chamber  
  38  4:30  Drone x4  
  38  4:31  Drone  
  43  4:32  Overlord x3  
  43  4:37  Zergling x4  
  43  4:38  Zergling x6  
  48  4:43  Drone x2, Extractor  
  48  4:44  Extractor  
  48  4:55  Drone x3  
  51  5:01  Hatchery  
  51  5:06  Drone  
  51  5:07  Drone  
  51  5:24  Pneumatized Carapace  
  51  5:33  Lair  
  51  5:43  Extractor  
  51  5:47  Overlord  
  51  5:48  Overlord  
  50  6:03  Drone  
  50  6:04  Drone x6  
  57  6:18  Zergling x2  
  57  6:19  Zergling x4  
  56  6:33  Zergling x10  
  56  6:36  Roach  
  56  6:37  Roach x4  
  69  6:48  Roach  
  69  6:49  Roach  
Tags
 
Add a new tag
Caveats
  • Supply blocks, unpowered buildings, or Contaminate may cause inaccurate times.
  • Supply counts are checked every 10 seconds.